 Dungeon Crawl Stone Soup version 0.21.1-1-g345015f (webtiles) character file.

1768 Fang the Chopper (level 9, -1/55 HPs)
             Began as a Gargoyle Berserker on May 2, 2018.
             Was a High Priest of Trog.
             Slain by a gnoll
             ... wielding a +0 flail
              (9 damage)
             ... on level 6 of the Dungeon.
             The game lasted 00:17:33 (6667 turns).

Fang the Chopper (Gargoyle Berserker)               Turns: 6667, Time: 00:17:33

Health: -1/55      AC:  9    Str: 23    XL:     9   Next: 7%
Magic:  9/9        EV: 16    Int:  9    God:    Trog [*****.]
Gold:   259        SH:  0    Dex:  9    Spells: 8/8 levels left

rFire    + . .     SeeInvis .   d - +1 whip (freeze)
rCold    . . .     Gourm    .   (no shield)
rNeg     + . .     Faith    .   b - +1 animal skin
rPois    ∞         Spirit   .   (no helmet)
rElec    +         Reflect  .   (no cloak)
rCorr    .         Harm     .   (no gloves)
MR       .....                  (no boots)
Stlth    ++........             (no amulet)
HPRegen  0.18/turn              i - +3 ring of evasion
MPRegen  0.11/turn              v - ring of protection from fire

@: no status effects
A: negative energy resistance 1, electricity resistance, unbreathing,
petrification resistance, rot immunity, AC +6
a: Berserk, Trog's Hand, Brothers in Arms, Burn Spellbooks, Renounce Religion


You were on level 6 of the Dungeon.
You worshipped Trog.
Trog was extremely pleased with you.
You were near starving.

You visited 1 branch of the dungeon, and saw 6 of its levels.
You also visited: Sewer.

You collected 259 gold pieces.

Inventory:

Hand Weapons
 a - a +0 hand axe
 d - a +1 whip of freezing (weapon)
Armour
 b - a +1 animal skin (worn)
Jewellery
 i - a +3 ring of evasion (left hand)
 v - a ring of protection from fire (right hand)
Wands
 p - a wand of disintegration (24)
Scrolls
 f - 2 scrolls of teleportation
 g - 4 scrolls of remove curse
 l - a scroll of blinking
 o - a scroll of fear
Potions
 e - a potion of invisibility
 h - 3 potions of haste
 j - 2 potions of lignification
 m - a potion of cancellation {unknown}
 n - 2 potions of brilliance {unknown}
 q - a potion of mutation {unknown}
 r - 2 potions of curing {unknown}
 s - a potion of magic {unknown}
 t - 2 potions of heal wounds {unknown}
 u - 2 potions of flight {unknown}
 w - 3 potions of berserk rage {unknown}
Comestibles
 c - 11 rations


   Skills:
 + Level 6.2 Fighting
 + Level 6.9(7.3) Axes
 + Level 3.5(6.0) Maces & Flails
 + Level 2.3 Armour
 + Level 4.8 Dodging
 + Level 3.4 Stealth


You had 8 spell levels left.
You didn't know any spells.

Dungeon Overview and Level Annotations

Branches:
Dungeon (6/15)
 Temple: D:4-7

Altars:
Cheibriados
Elyvilon
Fedhas
Okawaru
Trog
Uskayaw
Yredelemnul

Annotations:
D:4 2 transporters


Innate Abilities, Weirdness & Mutations

You are resistant to torment.
Your stone body is resilient. (AC +6)
You are immune to poison.
You resist negative energy. (rN+)
You are resistant to electric shocks. (rElec)
You can survive without breathing.
You are immune to petrification.
You are immune to rotting.


Message History

The gnoll is heavily wounded.
The gnoll misses you. The gnoll barely misses you.
The gnoll sergeant throws a stone.
The stone misses you.
The gnoll hits you from afar with a halberd.
* * * LOW HITPOINT WARNING * * *
You closely miss the gnoll.
The gnoll is heavily wounded.
The gnoll closely misses you. x3
Unknown command.
You closely miss the gnoll.
The gnoll is heavily wounded.
The gnoll hits you from afar with a halberd.
* * * LOW HITPOINT WARNING * * *
The gnoll closely misses you.
Unknown command.
You hit the gnoll. You freeze the gnoll.
The gnoll is severely wounded.
The gnoll barely misses you. The gnoll sergeant barely misses you.
The gnoll hits you with a flail!
You die...

#####)....#.#.##............#♣♣♣♣
#........#.#....#.♣.♣.#....#####
#.......##.####.................
######..........♣.♣.♣.♣..###....
#........####...._....## #..#.
#.............♣.♣.♣.♣.# #..##
######.....g..........# #...#
#........g.g#.♣.♣.#.# #...#
#.......ggg@..(.....# #...#
######.#####(.##.#.## #.... . ..
#.÷..#####.###.#.# #..#. ...
#..........# ##### #####
##..#######.###...#
............###.#.##♣♣♣
....##.....###..#.....♣.
.#####..######.........♣
........# #..........♣


You could see a gnoll sergeant and 5 gnolls.

Vanquished Creatures
  Pikel (D:5)
  A sky beast (D:6)
  A phantom (D:4)
  A slave (D:5)
  An ogre (D:4)
  A big kobold (Sewer)
  A bullfrog (D:6)
  A scorpion (D:6)
  The ghost of Spyfire242 the Ogre Mage, a weakling OgWz (D:4)
  A howler monkey (D:6)
  A bullfrog zombie (D:5)
  An iron imp (D:6)
  2 orc priests (D:4)
  A hound (D:6)
  4 orc wizards (D:4)
  2 bullfrog skeletons (D:6)
  Ijyb (D:3)
  An iguana (D:4)
  2 worker ants (D:6)
  4 gnolls (D:6)
  9 adders
  8 river rats
  A shadow imp (D:6)
  2 oozes
  An adder skeleton (D:4)
  6 worms
  2 dart slugs
  3 leopard geckos
  16 orcs
  7 giant cockroaches
  5 goblins
  6 hobgoblins
  9 jackals
  7 quokkas
  6 ball pythons
  7 bats
  6 frilled lizards
  11 kobolds
  33 rats
174 creatures vanquished.

Vanquished Creatures (others)
  A quokka skeleton (D:5)
1 creature vanquished.

Grand Total: 175 creatures vanquished

Notes
Turn   | Place    | Note
-------+----------+-------------------------------------------
     0 | D:1      | Fang the Gargoyle Berserker began the quest for the Orb.
     0 | D:1      | Reached XP level 1. HP: 14/14 MP: 1/1
   590 | D:1      | Reached XP level 2. HP: 19/19 MP: 2/2
  1120 | D:2      | Reached XP level 3. HP: 13/24 MP: 3/3
  1152 | D:2      | Found a blossoming altar of Fedhas.
  1197 | D:2      | Reached ** piety under Trog
  1422 | D:2      | Found a blossoming altar of Fedhas.
  1438 | D:2      | Found an iron altar of Okawaru.
  1482 | D:2      | Reached XP level 4. HP: 17/29 MP: 4/4
  2307 | D:3      | Reached XP level 5. HP: 28/33 MP: 5/5
  2336 | D:3      | Noticed Ijyb
  2352 | D:3      | Killed Ijyb
  2479 | D:3      | Found a bloodstained altar of Trog.
  2578 | D:3      | Reached *** piety under Trog
  2657 | D:3      | Found a glowing drain.
  2699 | Sewer    | Entered a sewer
  2918 | Sewer    | Reached skill level 1 in Stealth
  3132 | Sewer    | Reached XP level 6. HP: 36/39 MP: 6/6
  3708 | D:4      | Found a bloodstained altar of Trog.
  3755 | D:4      | Reached skill level 5 in Axes
  4183 | D:4      | Reached **** piety under Trog
  4183 | D:4      | Reached XP level 7. HP: 7/44 MP: 7/7
  4543 | D:5      | Entered Level 5 of the Dungeon
  4543 | D:5      | Noticed Pikel
  4843 | D:4      | Noticed a fire bat
  4844 | D:4      | Found a transporter.
  4846 | D:4      | Noticed a fire bat
  4862 | D:4      | Noticed Spyfire242's ghost (weakling OgWz)
  4888 | D:4      | Killed Spyfire242's ghost
  4888 | D:4      | Reached skill level 5 in Fighting
  5220 | D:4      | Found a transporter.
  5394 | D:5      | Killed Pikel
  5394 | D:5      | Reached XP level 8. HP: 51/51 MP: 8/8
  5567 | D:6      | Found a white marble altar of Elyvilon.
  5826 | D:6      | Reached skill level 1 in Maces & Flails
  5837 | D:6      | Reached ***** piety under Trog
  5957 | D:6      | Found a basalt altar of Yredelemnul.
  5983 | D:6      | Found an iron altar of Okawaru.
  6162 | D:6      | Found a hide-covered altar of Uskayaw.
  6319 | D:6      | Reached XP level 9. HP: 21/55 MP: 9/9
  6543 | D:6      | Found a snail-covered altar of Cheibriados.
  6667 | D:6      | Slain by a gnoll

Skill      XL: |  1  2  3  4  5  6  7  8 |
---------------+-------------------------+-----
Axes           | 3 4 5 6 |  6.9
Dodging        | 2 3 4 |  4.8
Fighting       | 4 5 6 |  6.2
Stealth        | 1 2 3 |  3.4
Maces & Flails | 3 |  3.5
Armour         | |  2.3

Action                   |  1- 3 |  4- 6 |  7- 9 || total
-------------------------+-------+-------+-------++-------
Melee: Hand axe          |   111 |   332 |    79 ||   522
       Whip              |       |       |   277 ||   277
Invok: Berserk           |       |     3 |     3 ||     6
  Use: Scroll            |       |     8 |     3 ||    11
       Potion            |       |       |     1 ||     1
 Stab: Sleeping          |     2 |     1 |     3 ||     6
       Invisible         |       |       |     2 ||     2
  Eat: Chunk             |     2 |    11 |     8 ||    21
       Ration            |       |       |     1 ||     1
Armor: Animal skin       |    31 |   106 |    88 ||   225
Dodge: Dodged            |    85 |   285 |   263 ||   633
